[ PARTIDA AOE2 · #482255471 ]
1v1 RMTeutones vs Japanese
Equipo del jugador · VICT
Equipo rival · DERR
[ ANÁLISIS DE REPETICIÓN · EXTRAÍDO DE LA PARTIDA GRABADA ]
Feudal
11:13
Castillos
15:18
Imperial
34:17
| APM promedio | 30.1 |
| APM pico | 75 |
| eAPM promedio | 16.5 |
| Aldeanos / militares | 72 / 64 |
Foco
⚔️ 22.6% · 🌾 77.4%
Knight ×43 · Battering Ram ×16 · Monk ×3 · Mangonel ×2
Feudal
12:07
Castillos
17:22
Imperial
27:41
| APM promedio | 13.9 |
| APM pico | 28 |
| eAPM promedio | 8.7 |
| Aldeanos / militares | 100 / 37 |
Foco
⚔️ 16.5% · 🌾 83.5%
Samurai ×28 · Spearman ×9
Mapa de la partida
Recursos al inicio + cada clic de construcción. Línea gruesa = muro · recuadro discontinuo = muro de casas detectado. 🟡 oro · ⚪ piedra · 🟢 bayas · 🔶 jabalí · ⭕ reliquia
Inputs por minuto
— Ostin - - HamSandwich
Build order — Ostin
Primeras 150 de 178 acciones detectadas
| 0:02 | Construir | House |
| 0:03 | Construir | House |
| 0:13 | Crear | Villager (Male) |
| 0:13 | Crear | Villager (Male) |
| 0:56 | Crear | Villager (Male) |
| 1:21 | Crear | Villager (Male) |
| 1:45 | Crear | Villager (Male) |
| 1:46 | Crear | Villager (Male) |
| 2:01 | Construir | Lumber Camp |
| 2:10 | Crear | Villager (Male) |
| 2:11 | Crear | Villager (Male) |
| 2:33 | Crear | Villager (Male) |
| 3:25 | Crear | Villager (Male) |
| 3:32 | Crear | Villager (Male) |
| 3:33 | Crear | Villager (Male) |
| 3:59 | Construir | House |
| 4:02 | Construir | House |
| 4:09 | Crear | Villager (Male) |
| 4:18 | Construir | Mill |
| 4:49 | Crear | Villager (Male) |
| 5:06 | Crear | Villager (Male) |
| 5:17 | Crear | Villager (Male) |
| 5:56 | Crear | Villager (Male) |
| 5:56 | Crear | Villager (Male) |
| 6:09 | Crear | Villager (Male) |
| 6:11 | Crear | Villager (Male) |
| 6:36 | Construir | Lumber Camp |
| 6:39 | Crear | Villager (Male) |
| 7:46 | Crear | Villager (Male) |
| 7:46 | Crear | Villager (Male) |
| 7:47 | Crear | Villager (Male) |
| 8:29 | Construir | Mining Camp |
| 8:31 | Crear | Villager (Male) |
| 9:03 | Investigar | Feudal Age |
| 9:16 | Construir | House |
| 11:07 | Investigar | Loom |
| 11:13 | Edad | Edad Feudal |
| 11:17 | Construir | Blacksmith |
| 11:23 | Construir | Market |
| 11:41 | Construir | Farm |
| 11:49 | Construir | Farm |
| 11:50 | Construir | Farm |
| 11:50 | Construir | Farm |
| 11:55 | Construir | Farm |
| 11:55 | Construir | Farm |
| 12:22 | Construir | Farm |
| 12:25 | Construir | Farm |
| 12:38 | Investigar | Castle Age |
| 13:29 | Crear | Villager (Male) |
| 14:10 | Crear | Villager (Male) |
| 15:18 | Edad | Edad de los Castillos |
| 15:25 | Construir | Town Center |
| 15:35 | Construir | Town Center |
| 15:38 | Crear | Villager (Male) |
| 15:57 | Construir | Monastery |
| 16:04 | Crear | Villager (Male) |
| 16:37 | Crear | Villager (Male) |
| 16:43 | Crear | Monk |
| 16:59 | Construir | Farm |
| 17:11 | Crear | Villager (Male) |
| 17:33 | Crear | Villager (Male) ×5 |
| 17:38 | Construir | Farm |
| 17:39 | Construir | Farm |
| 17:39 | Construir | Farm |
| 17:46 | Crear | Monk |
| 18:12 | Construir | Farm |
| 18:12 | Construir | Farm |
| 18:22 | Construir | Barracks |
| 18:26 | Crear | Villager (Male) ×5 |
| 18:30 | Construir | House |
| 18:58 | Crear | Villager (Male) ×5 |
| 19:08 | Construir | Siege Workshop |
| 19:21 | Investigar | Fletching |
| 19:24 | Investigar | Forging |
| 19:28 | Construir | House |
| 19:31 | Construir | House |
| 19:34 | Investigar | Double-Bit Axe |
| 19:50 | Investigar | Horse Collar |
| 19:56 | Crear | Villager (Male) |
| 20:09 | Construir | Stable |
| 20:28 | Crear | Mangonel |
| 20:32 | Crear | Villager (Male) ×4 |
| 20:41 | Construir | Farm |
| 20:53 | Construir | House |
| 21:08 | Investigar | Bloodlines |
| 21:14 | Construir | Stable |
| 21:29 | Crear | Mangonel |
| 21:31 | Crear | Villager (Male) ×3 |
| 21:36 | Construir | Farm |
| 21:37 | Construir | Farm |
| 21:42 | Construir | Farm |
| 21:58 | Construir | Farm |
| 22:06 | Crear | Knight |
| 22:09 | Crear | Knight |
| 22:15 | Crear | Battering Ram |
| 22:24 | Construir | House |
| 22:41 | Construir | Farm |
| 22:44 | Construir | Farm |
| 22:56 | Crear | Knight |
| 23:00 | Investigar | Scale Barding Armor |
| 23:09 | Crear | Knight |
| 23:14 | Construir | Farm |
| 23:30 | Crear | Knight |
| 23:30 | Crear | Knight |
| 23:37 | Crear | Battering Ram |
| 23:56 | Construir | Farm |
| 23:59 | Crear | Battering Ram |
| 24:13 | Construir | Farm |
| 24:27 | Investigar | Wheelbarrow |
| 24:31 | Crear | Knight |
| 24:41 | Construir | Siege Workshop |
| 24:44 | Crear | Villager (Male) ×5 |
| 24:47 | Crear | Knight |
| 24:52 | Construir | House |
| 25:00 | Construir | House |
| 25:08 | Crear | Knight |
| 25:11 | Crear | Battering Ram |
| 25:23 | Investigar | Bow Saw |
| 25:35 | Crear | Knight |
| 25:47 | Crear | Villager (Male) ×3 |
| 25:55 | Construir | House |
| 26:05 | Construir | Archery Range |
| 26:22 | Crear | Knight |
| 26:22 | Crear | Knight |
| 26:47 | Crear | Battering Ram |
| 27:14 | Investigar | Iron Casting |
| 27:32 | Crear | Knight |
| 27:32 | Crear | Knight |
| 27:53 | Construir | House |
| 28:06 | Crear | Battering Ram |
| 28:14 | Construir | Stable |
| 28:20 | Investigar | Gold Mining |
| 28:22 | Crear | Villager (Male) ×5 |
| 28:47 | Crear | Monk |
| 28:51 | Crear | Battering Ram |
| 29:25 | Crear | Knight |
| 29:25 | Crear | Knight |
| 29:46 | Crear | Knight ×3 |
| 29:53 | Construir | House |
| 29:55 | Construir | House |
| 30:11 | Investigar | Chain Barding Armor |
| 30:51 | Crear | Battering Ram |
| 30:55 | Crear | Battering Ram |
| 31:07 | Investigar | Imperial Age |
| 31:15 | Construir | House |
| 31:20 | Construir | Town Center |
| 31:43 | Investigar | Crossbowman (upgrade) |
| 31:48 | Construir | Archery Range |
| 31:59 | Crear | Knight |
| 31:59 | Crear | Knight |
Build order — HamSandwich
Primeras 150 de 161 acciones detectadas
| 0:00 | Crear | Villager (Male) ×4 |
| 0:04 | Construir | House |
| 0:07 | Construir | House |
| 1:42 | Crear | Villager (Male) |
| 2:12 | Crear | Villager (Male) |
| 2:33 | Crear | Villager (Male) |
| 2:53 | Construir | Lumber Camp |
| 3:03 | Crear | Villager (Male) |
| 3:03 | Crear | Villager (Male) |
| 3:48 | Crear | Villager (Male) |
| 3:49 | Crear | Villager (Male) |
| 4:00 | Construir | House |
| 4:03 | Construir | House |
| 4:05 | Construir | House |
| 4:44 | Crear | Villager (Male) |
| 5:09 | Crear | Villager (Male) |
| 5:26 | Construir | House |
| 5:28 | Construir | House |
| 5:37 | Crear | Villager (Male) |
| 5:37 | Crear | Villager (Male) |
| 5:38 | Crear | Villager (Male) |
| 6:25 | Crear | Villager (Male) |
| 6:35 | Construir | Mining Camp |
| 7:02 | Crear | Villager (Male) |
| 7:02 | Crear | Villager (Male) |
| 7:02 | Crear | Villager (Male) |
| 7:02 | Crear | Villager (Male) |
| 7:46 | Construir | Mill |
| 7:52 | Crear | Villager (Male) |
| 7:53 | Crear | Villager (Male) |
| 7:55 | Crear | Villager (Male) |
| 9:38 | Construir | Mining Camp |
| 9:50 | Investigar | Feudal Age |
| 10:23 | Crear | Villager (Male) |
| 10:24 | Crear | Villager (Male) |
| 10:24 | Crear | Villager (Male) |
| 10:31 | Construir | Farm |
| 10:33 | Construir | Farm |
| 10:34 | Construir | Farm |
| 10:36 | Construir | Farm |
| 10:39 | Construir | Farm |
| 10:44 | Construir | Farm |
| 12:07 | Edad | Edad Feudal |
| 12:08 | Construir | Market |
| 12:10 | Construir | Blacksmith |
| 13:20 | Crear | Villager (Male) |
| 13:41 | Crear | Villager (Male) |
| 13:50 | Construir | Farm |
| 13:57 | Construir | Farm |
| 14:02 | Construir | Farm |
| 14:11 | Crear | Villager (Male) |
| 14:42 | Investigar | Castle Age |
| 15:18 | Investigar | Double-Bit Axe |
| 15:20 | Investigar | Horse Collar |
| 16:03 | Investigar | Stone Mining |
| 16:43 | Investigar | Gold Mining |
| 16:47 | Investigar | Wheelbarrow |
| 17:22 | Edad | Edad de los Castillos |
| 17:31 | Construir | Castle |
| 17:47 | Construir | Town Center |
| 18:29 | Crear | Villager (Male) ×5 |
| 18:50 | Construir | Mining Camp |
| 19:11 | Construir | Town Center |
| 19:14 | Crear | Villager (Male) ×5 |
| 19:37 | Investigar | Fletching |
| 20:07 | Construir | Farm |
| 20:09 | Construir | Farm |
| 20:17 | Construir | Farm |
| 20:31 | Construir | Farm |
| 20:56 | Crear | Villager (Male) ×4 |
| 21:25 | Crear | Villager (Male) ×2 |
| 21:49 | Construir | Farm |
| 21:52 | Crear | Villager (Male) ×2 |
| 22:02 | Construir | Farm |
| 22:06 | Crear | Villager (Male) |
| 22:34 | Construir | Farm |
| 22:37 | Construir | Farm |
| 22:40 | Crear | Villager (Male) ×3 |
| 23:00 | Crear | Villager (Male) |
| 23:13 | Crear | Villager (Male) |
| 23:35 | Crear | Villager (Male) ×2 |
| 24:31 | Investigar | Imperial Age |
| 24:34 | Construir | Farm |
| 24:36 | Construir | Farm |
| 24:38 | Construir | Farm |
| 24:41 | Construir | Farm |
| 24:43 | Construir | Farm |
| 24:46 | Crear | Villager (Male) |
| 25:22 | Construir | Watch Tower |
| 25:34 | Crear | Villager (Male) ×5 |
| 25:41 | Construir | House |
| 25:42 | Construir | House |
| 25:43 | Construir | House |
| 25:44 | Construir | House |
| 25:45 | Construir | House |
| 25:46 | Construir | House |
| 25:46 | Construir | House |
| 25:47 | Construir | House |
| 25:48 | Construir | House |
| 26:21 | Construir | Watch Tower |
| 26:24 | Investigar | Bodkin Arrow |
| 26:27 | Crear | Samurai |
| 26:28 | Crear | Samurai ×3 |
| 26:57 | Crear | Samurai ×4 |
| 27:41 | Edad | Edad Imperial |
| 27:52 | Crear | Samurai ×5 |
| 28:29 | Construir | Castle |
| 28:32 | Crear | Villager (Male) ×5 |
| 28:41 | Construir | Farm |
| 28:44 | Construir | Farm |
| 28:47 | Construir | Farm |
| 28:55 | Construir | Barracks |
| 28:58 | Construir | Barracks |
| 28:59 | Construir | House |
| 29:00 | Construir | House |
| 29:07 | Construir | Farm |
| 29:09 | Construir | Farm |
| 29:56 | Investigar | Pikeman (upgrade) |
| 30:03 | Construir | Farm |
| 30:10 | Crear | Villager (Male) ×5 |
| 30:31 | Construir | Barracks |
| 30:32 | Construir | Barracks |
| 30:33 | Construir | Barracks |
| 30:35 | Crear | Samurai ×5 |
| 30:36 | Crear | Samurai ×5 |
| 30:37 | Crear | Samurai ×5 |
| 30:46 | Construir | University |
| 30:51 | Crear | Villager (Male) ×4 |
| 31:08 | Construir | Farm |
| 31:11 | Construir | Farm |
| 31:15 | Construir | Farm |
| 31:25 | Construir | Farm |
| 31:29 | Construir | Farm |
| 31:31 | Construir | Farm |
| 31:36 | Crear | Villager (Male) ×5 |
| 31:51 | Construir | Lumber Camp |
| 31:58 | Construir | Farm |
| 32:06 | Investigar | Halberdier (upgrade) |
| 32:12 | Investigar | Squires |
| 32:30 | Investigar | Murder Holes |
| 32:53 | Crear | Spearman ×5 |
| 33:36 | Construir | Mining Camp |
| 33:39 | Crear | Villager (Male) ×5 |
| 33:42 | Crear | Villager (Male) ×5 |
| 33:50 | Construir | Lumber Camp |
| 33:58 | Construir | Lumber Camp |
| 34:03 | Investigar | Bow Saw |
| 34:06 | Investigar | Heavy Plow |
| 34:11 | Investigar | Gold Shaft Mining |
| 34:29 | Construir | Archery Range |
Cronología de la partida
| 11:13 | Ostin · age_up feudal |
| 12:07 | HamSandwich · age_up feudal |
| 12:28 | Ostin · first_market_sell 100 wood |
| 12:29 | Ostin · first_market_buy 100 food |
| 15:18 | Ostin · age_up castle |
| 15:57 | Ostin · first_building Monastery |
| 17:22 | HamSandwich · age_up castle |
| 17:31 | HamSandwich · first_building Castle |
| 18:22 | Ostin · first_building Barracks |
| 19:08 | Ostin · first_building Siege Workshop |
| 20:05 | HamSandwich · first_market_buy 100 wood |
| 20:09 | Ostin · first_building Stable |
| 24:05 | HamSandwich · first_market_sell 500 wood |
| 26:05 | Ostin · first_building Archery Range |
| 27:41 | HamSandwich · age_up imperial |
| 28:55 | HamSandwich · first_building Barracks |
| 34:17 | Ostin · age_up imperial |
| 34:29 | HamSandwich · first_building Archery Range |
| 36:16 | HamSandwich · resign |
[ ANÁLISIS IA · 1 CRÉDITO ]
¿Qué pasó realmente en esta partida?
Wolo.gg analiza cada decisión: build order, eco, micro, errores típicos por bracket. Análisis personalizado por WhatsApp o Discord en 30 segundos.
Guía civ
Teutones
Guía mapa
Arena
Perfil
Ostin